 Dungeon Crawl Stone Soup version 0.26.0-10-g1f06aea511 (webtiles) character file.

Game seed: 14562796836616737298

142 trm the Conjurer (level 5, 24/39 HPs)
             Began as a Demonspawn Conjurer on Jan 21, 2021.
             Quit the game on level 3 of the Dungeon.
             The game lasted 00:06:21 (2756 turns).

trm the Conjurer (Demonspawn Conjurer)              Turns: 2756, Time: 00:06:21

Health: 24/39      AC:  3    Str:  8    XL:     5   Next: 4%
Magic:  4/9        EV: 11    Int: 20    God:
Gold:   147        SH:  3    Dex: 11    Spells: 7/10 levels left

rFire    . . .     SeeInvis .   c - +0 whip
rCold    . . .     Faith    .   g - +0 buckler
rNeg     . . .     Spirit   .   e - +0 robe (curse)
rPois    .         Reflect  .   (no helmet)
rElec    .         Harm     .   (no cloak)
rCorr    +         Rampage  .   (no gloves)
Will     +....                  (no boots)
Stlth    ++........             (no amulet)
HPRegen  0.13/turn              j - ring of willpower
MPRegen  0.11/turn              h - ring of resist corrosion

@: no status effects
A: powered by death 1, spiny 1, sharp scales 1
a: no special abilities


You were on level 3 of the Dungeon.
You visited 1 branch of the dungeon, and saw 3 of its levels.

You collected 147 gold pieces.

Inventory:

Hand Weapons
 c - a +0 whip (weapon)
Armour
 a - a +0 robe
 e - a cursed +0 robe (worn)
 g - a +0 buckler (worn)
 l - a +0 tower shield
 p - a +0 kite shield
Jewellery
 h - a ring of resist corrosion (right hand)
 j - a ring of willpower (left hand)
Scrolls
 b - 3 scrolls of fog {unknown}
 i - a scroll of teleportation {unknown}
 k - 3 scrolls of identify {unknown}
 m - a scroll of enchant weapon {unknown}
 n - a scroll of remove curse {unknown}
 o - a scroll of noise {unknown}
Potions
 d - a potion of heal wounds {unknown}
 f - a potion of might {unknown}
 q - a potion of ambrosia {unknown}
 r - a potion of curing {unknown}
 s - 2 potions of degeneration {unknown}


   Skills:
 + Level 2.5 Fighting
 - Level 1.7 Dodging
 - Level 1.7 Stealth
 + Level 3.1 Spellcasting
 + Level 4.9 Conjurations


You had 7 spell levels left.
You knew the following spells:

 Your Spells              Type           Power        Failure   Level
a - Magic Dart            Conj           88%          3%          1
b - Searing Ray           Conj           44%          4%          2

Your spell library contained the following spells:

 Spells                   Type           Power        Failure   Level
 Dazzling Flash           Conj/Hex       26%          26%         3
 Fulminant Prism          Conj/Hex       6%           63%         4
 Iskenderun's Mystic Bla  Conj/Tloc      13%          63%         4


Dungeon Overview and Level Annotations

Branches:
Dungeon (3/15)

Altars:

Annotations:
D:3 Jessica


Innate Abilities, Weirdness & Mutations

You regenerate a little health from kills.
You are partially covered in sharp spines.
You are partially covered in razor-sharp scales. (AC +1, Slay +1)


Message History

Confirm with . or Enter, or press ? or * to list all spells.
Aiming: Searing Ray (safe; 4% risk of failure)
Press: ? - help, Shift-Dir - straight line, f - gnoll
Aim: a gnoll, wielding a +0 whip (19% to evade)
The searing ray hits the gnoll!
The gnoll is severely wounded.
The searing ray hits the gnoll.
The gnoll is heavily wounded. (Press . to maintain the ray.)
The gnoll closely misses you.
The searing ray hits the gnoll.
You kill the gnoll!
The searing ray hits the gnoll!
The gnoll is almost dead.
The searing ray hits the gnoll.
You kill the gnoll!
You have reached level 5!
Your demonic ancestry asserts itself...
Sharp spines emerge from parts of your body.
Are you sure you want to abandon this character and quit the game? (Confirm with "yes".)

#.#.##).............
#.#.##.########.####
#......# # ..
###.#### # #.# # #
#.# #. # #)# #.##
#)# #... #@# #...
#.# #### #.# # #.# #
#.######## #
#........# #
#..#...#.#########
#..#...#.##......#
#........##.#.>...


There were no monsters in sight!

Vanquished Creatures
  A killer bee zombie (D:2)
  2 gnolls (D:3)
  5 adders (D:2)
  An ooze (D:1)
  4 worms (D:2)
  2 dart slugs
  A leopard gecko (D:3)
  2 giant cockroaches
  5 goblins
  4 hobgoblins
  4 kobolds
  A quokka (D:2)
  A ball python (D:1)
  5 bats
  A frilled lizard (D:1)
  2 rats (D:2)
41 creatures vanquished.

Notes
Turn   | Place    | Note
-------+----------+-------------------------------------------
     0 | D:1      | trm the Demonspawn Conjurer began the quest for the Orb.
     0 | D:1      | Reached XP level 1. HP: 13/13 MP: 3/3
   297 | D:1      | Gained mutation: You are partially covered in razor-sharp
                  | scales. (AC +1, Slay +1) [demonic ancestry]
   297 | D:1      | Reached XP level 2. HP: 20/20 MP: 0/5
   405 | D:1      | Reached skill level 1 in Fighting
   411 | D:1      | Learned a level 2 spell: Searing Ray
  1061 | D:2      | Gained mutation: You regenerate a little health from kills.
                  | [demonic ancestry]
  1061 | D:2      | Reached XP level 3. HP: 26/26 MP: 1/6
  1415 | D:2      | Reached XP level 4. HP: 33/33 MP: 5/8
  1616 | D:2      | Found a faded altar of an unknown god.
  2085 | D:3      | Noticed Jessica
  2756 | D:3      | Gained mutation: You are partially covered in sharp spines.
                  | [demonic ancestry]
  2756 | D:3      | Reached XP level 5. HP: 24/39 MP: 4/9
  2756 | D:3      | Quit the game

Illustrated notes

Levels and vault maps discovered:
D:1:      onia_arrival_pyramid, layout_loops_ring
D:2:      layout_rooms, chequers_ecumenical_altar_lobes
D:3:      layout_loops_cross, kennysheep_potato, uniq_jessica

Skill      XL: |  1  2  3  4 |
---------------+-------------+-----
Fighting       | 1 2 |  2.5
Spellcasting   | 3 |  3.1
Dodging        | |  1.7
Stealth        | |  1.7
Conjurations   | |  4.9

Action                   |  1- 3 |  4- 6 || total
-------------------------+-------+-------++-------
Melee: Whip              |    43 |    12 ||    55
 Cast: Magic Dart        |    12 |       ||    12
       Searing Ray       |    10 |    14 ||    24
 Stab: Sleeping          |     1 |       ||     1
Armor: Robe              |     8 |    11 ||    19
Dodge: Dodged            |    38 |    11 ||    49
Block: Buckler           |       |     2 ||     2
       Kite shield       |       |     1 ||     1
